 Dungeon Crawl Stone Soup version 0.29-a0-732-g3d7fbe0af2 (webtiles) character file.

Game seed: 11790264680780393718

304 HoaS the Shooter (level 6, -7/35 HPs)
             Began as a Gargoyle Hunter on June 29, 2022.
             Mangled by an ice beast (10 damage)
             ... on level 4 of the Dungeon.
             The game lasted 00:05:13 (2589 turns).

HoaS the Shooter (Gargoyle Hunter)                  Turns: 2589, Time: 00:05:13

Health: -7/35      AC: 11    Str: 20    XL:     6   Next: 38%
Magic:  6/6        EV: 11    Int: 10    God:
Gold:   180        SH:  0    Dex: 15    Spells: 5/5 levels left

rFire   . . .      SeeInvis .   a - +2 shortbow
rCold   . . .      Faith    .   (shield currently unavailable)
rNeg    + . .      Spirit   .   f - +0 ring mail
rPois   ∞          Reflect  .   e - +1 helmet
rElec   +          Harm     .   (no cloak)
rCorr   .          Rampage  .   (no gloves)
Will    +....                   (no boots)
Stlth   +.........              (no amulet)
HPRegen 0.11/turn               p - ring of Soojol {Will+ Str+6}
MPRegen 0.10/turn               (no ring)

@: no status effects
A: sickness immunity, AC +4, negative energy resistance 1, electricity
resistance, torment resistance 1, petrification resistance
a: no special abilities


You were on level 4 of the Dungeon.
You visited 1 branch of the dungeon, and saw 4 of its levels.

You collected 180 gold pieces.

Inventory:

Hand Weapons
 a - a +2 shortbow (weapon)
Armour
 e - a +1 helmet (worn)
 f - a +0 ring mail (worn)
 m - a +0 scale mail
Jewellery
 p - the ring of Soojol (left hand) {Will+ Str+6}
   (You found it on level 4 of the Dungeon)

   [ring of strength]

   Str:       It affects your strength (+6).
   Will:      It increases your willpower.
Scrolls
 b - a scroll of immolation
 k - 2 scrolls of fog
 o - 4 scrolls of teleportation
Potions
 c - 2 potions of resistance {unknown}
 d - a potion of berserk rage
 g - a potion of attraction {unknown}
 h - a potion of invisibility {unknown}
 j - a potion of curing
 l - a potion of magic {unknown}
 n - a potion of flight {unknown}
 q - a potion of mutation {unknown}


   Skills:
 - Level 2.1 Fighting
 + Level 7.5 Ranged Weapons
 - Level 1.5 Dodging
 - Level 1.1 Stealth


You had 5 spell levels left.
You didn't know any spells.
Your spell library contained the following spells:

 Spells                   Type           Power      Damage    Failure   Level
 Sandblast                Erth           0%         2d4       54%         1
 Blink                    Tloc           0%         N/A       69%         2
 Passwall                 Tmut/Erth      0%         N/A       69%         2
 Stone Arrow              Conj/Erth      0%         3d7       89%         3
 Manifold Assault         Tloc           0%         N/A       100%        5
 Storm Form               Tmut/Air       0%         N/A       100%        7


Dungeon Overview and Level Annotations

Branches:
Dungeon (4/15)
 Temple: D:4-7

Altars:

Shops:
D:1 *


Innate Abilities, Weirdness & Mutations

You are immune to sickness and miasma.
Your stone body is resilient. (AC +4)
You are immune to poison.
You resist negative energy. (rN+)
You are resistant to electric shocks. (rElec)
You are resistant to unholy torment.
You are immune to petrification.


Message History

The ice beast hits you but does no damage.
Fire: a) +2 shortbow
Press: ? - help, Q - select action Shift-Dir - straight line, f/p - ice beast
Aim: an ice beast (poison gas, moderately wounded)
You shoot an arrow. The arrow hits the ice beast.
The ice beast is heavily wounded.
The ice beast barely misses you.
Fire: a) +2 shortbow
Press: ? - help, Q - select action Shift-Dir - straight line, f/p - ice beast
Aim: an ice beast (poison gas, heavily wounded)
You shoot an arrow. The arrow hits the ice beast.
The ice beast is heavily wounded.
The ice beast hits you but does no damage.
Fire: a) +2 shortbow
Press: ? - help, Q - select action Shift-Dir - straight line, f/p - ice beast
Aim: an ice beast (poison gas, heavily wounded)
You shoot an arrow. The arrow barely misses the ice beast.
The ice beast hits you but does no damage.
The ice beast hits you. The ice beast freezes you!
The ice beast attacks as you move away!
The ice beast hits you but does no damage.
The ice beast attacks as you move away!
The ice beast hits you but does no damage.
The ice beast attacks as you move away! The ice beast hits you.
The ice beast freezes you!
* * * LOW HITPOINT WARNING * * *
Fire: a) +2 shortbow
Press: ? - help, Q - select action Shift-Dir - straight line, f/p - ice beast
Aim: an ice beast (heavily wounded)
You shoot an arrow. The arrow hits the ice beast.
The ice beast is severely wounded.
The ice beast misses you.
Fire: a) +2 shortbow
Press: ? - help, Q - select action Shift-Dir - straight line, f/p - ice beast
Aim: an ice beast (severely wounded)
You shoot an arrow. The arrow barely misses the ice beast.
The ice beast hits you.
* * * LOW HITPOINT WARNING * * *
The ice beast freezes you!
You die...

#)# # #... #######.#
#.#. #....☼☼☼# ##.#.
#.####.°# #....
###○.## #..## #
#..○..# #..##
#.##.#.○##### #....
#......Y☼...# #.###
#.....○@###.#####
#.#
#.##.#..#.......#
#.# #.
#......#.###.####.#
###....#..........#
........#..##.######
####.......##.#
###........#
##########


You could see an ice beast.

Vanquished Creatures
  A necrophage (D:3)
  A jelly (D:4)
  An orc wizard (D:4)
  3 gnolls (D:4)
  6 adders
  3 worms
  5 dart slugs
  5 orcs
  3 endoplasms
  6 giant cockroaches
  10 goblins
  12 hobgoblins
  5 kobolds
  2 quokkas (D:3)
  5 ball pythons
  5 bats
  3 frilled lizards
  8 rats
84 creatures vanquished.

Notes
Turn   | Place    | Note
-------+----------+-------------------------------------------
     0 | D:1      | HoaS the Gargoyle Hunter began the quest for the Orb.
     0 | D:1      | Reached XP level 1. HP: 12/12 MP: 1/1
    37 | D:1      | Reached XP level 2. HP: 15/17 MP: 2/2
   135 | D:1      | Found Cianutul's General Store.
   311 | D:1      | Reached XP level 3. HP: 21/21 MP: 3/3
   318 | D:1      | Found a faded altar of an unknown god.
   339 | D:1      | Reached skill level 5 in Ranged Weapons
   731 | D:2      | Reached XP level 4. HP: 21/26 MP: 4/4
  1825 | D:3      | Reached skill level 6 in Ranged Weapons
  1988 | D:3      | Reached XP level 5. HP: 30/30 MP: 5/5
  2284 | D:4      | Noticed an ice beast
  2469 | D:4      | Reached skill level 7 in Ranged Weapons
  2469 | D:4      | Reached XP level 6. HP: 26/35 MP: 6/6
  2474 | D:4      | Identified the ring of Soojol {Will+ Str+6}
  2589 | D:4      | Mangled by an ice beast

Illustrated notes

Levels and vault maps discovered:
D:1:      mrwooster_arrival_statue, layout_basic,
          ebering_ecumenical_altar_ruins, serial_shops, shop
D:2:      layout_basic
D:3:      layout_basic, minmay_starry_boxes
D:4:      layout_loops_cross, jmf_multi_god_temple, minmay_fire_ice_demons

Skill      XL: |  1  2  3  4  5 |
---------------+----------------+-----
Ranged Weapons | 5 6 7 |  7.5
Fighting       | |  2.1
Dodging        | |  1.5
Stealth        | |  1.1

Action                   |  1- 3 |  4- 6 || total
-------------------------+-------+-------++-------
 Fire: Shortbow          |    96 |   147 ||   243
  Use: Scroll            |       |    10 ||    10
Armor: Leather armour    |     3 |       ||     3
       Ring mail         |    14 |    39 ||    53
Dodge: Dodged            |    21 |    28 ||    49

Table legend: (Time is in decaauts)
 A = Elapsed time spent in this place.
 B = Non-inter-level travel time spent in this place.
 C = Inter-level travel time spent in this place.
 D = Time resting spent in this place.
 E = Time spent auto-exploring this place.
 F = Levels seen in this place.
 G = Mean time per level.
                   A        B        C        D        E       F      G
               +--------+--------+--------+--------+--------+-----+--------+
         Total |   2669 |   2525 |    144 |    238 |   1747 |   4 |  667.2 |
       Dungeon |   2669 |   2525 |    144 |    238 |   1747 |   4 |  667.2 |
               +--------+--------+--------+--------+--------+-----+--------+

Top non-repeatable levels by time:
     D:2: 991 daAuts
     D:3: 801 daAuts
     D:1: 687 daAuts
     D:4: 188 daAuts
